 Dungeon Crawl Stone Soup version 0.30-a0-304-gdc4b735fe1 (webtiles) character file.

Game seed: 16385906569300641810

378 sleeves the Insei (level 6, 0/39 HPs)
             Began as an Octopode Reaver on Oct 21, 2022.
             Constricted to death by a ball python (1 damage)
             ... on level 4 of the Dungeon.
             The game lasted 00:04:01 (2591 turns).

sleeves the Insei (Octopode Reaver)                 Turns: 2591, Time: 00:04:01

Health: 0/39       AC:  1    Str: 12    XL:     6   Next: 74%
Magic:  9/9        EV: 10    Int: 15    God:
Gold:   177        SH:  0    Dex: 12    Spells: 8/9 levels left

rFire   . . .      SeeInvis .      - Unarmed
rCold   . . .      Faith    .    (no shield)
rNeg    . . .      Spirit   .    (helmet restricted)
rPois   .          Reflect  .    (no amulet)
rElec   .          Harm     .    (no ring)
rCorr   .          Rampage  .    (no ring)
Will    .....                    (no ring)
Stlth   ++........               (no ring)
HPRegen 0.26/turn                (no ring)
MPRegen 0.11/turn                (no ring)
                                 (no ring)
                                 (no ring)

@: constricted
A: almost no armour, amphibious, 8 rings, camouflage 1, gelatinous body 1,
(nimble swimmer 1), tentacles
a: no special abilities


You were on level 4 of the Dungeon.
You visited 1 branch of the dungeon, and saw 4 of its levels.

You collected 177 gold pieces.

Inventory:

Missiles
 f - 18 poisoned darts
 j - 4 atropa-tipped darts
 m - 3 boomerangs
Wands
 g - a wand of flame (18)
   (You found it on level 2 of the Dungeon)
Scrolls
 b - a scroll of amnesia
 d - a scroll of fear
 e - a scroll of enchant armour
 i - a scroll of enchant weapon {unknown}
 k - a scroll of poison {unknown}
 l - a scroll of blinking {unknown}
Potions
 a - 2 potions of heal wounds {unknown}
 c - a potion of curing {unknown}
 h - a potion of lignification
 n - a potion of haste {unknown}
 o - a potion of cancellation {unknown}


   Skills:
 - Level 2.0 Fighting
 - Level 2.0 Dodging
 + Level 7.3 Unarmed Combat
 - Level 2.0 Spellcasting
 - Level 3.0 Conjurations


You had 8 spell levels left.
You knew the following spells:

 Your Spells              Type           Power      Damage    Failure   Level
a - Kiss of Death         Conj/Necr      24%        2d7       12%         1

Your spell library contained the following spells:

 Spells                   Type           Power      Damage    Failure   Level
 Momentum Strike          Conj/Tloc      12%        3d8       19%         2
 Ensorcelled Hibernation  Hex/Ice        2%         N/A       32%         2
 Passwall                 Tmut/Erth      0%         N/A       32%         2
 Hailstorm                Conj/Ice       6%         3d4       34%         3
 Swiftness                Air            1%         N/A       54%         3


Dungeon Overview and Level Annotations

Branches:
Dungeon (4/15)
 Temple: D:4-7

Altars:
Makhleb
Yredelemnul

Shops:
D:2 (   D:3 [


Innate Abilities, Weirdness & Mutations

You cannot wear most types of armour.
You are amphibious.
You can wear up to eight rings at the same time.
Your skin changes colour to match your surroundings (Stealth+).
Your rubbery body absorbs attacks. (AC +1, EV +1)
((You are camouflaged when in or above water. (Stealth+)))
You have tentacles for arms and can constrict up to eight enemies at once.


Message History

You constrict the rat. The rat completely misses you.
You tentacle-slap the rat.
You kill the rat!
HP restored.
An endoplasm comes into view.
You see here a +2 pair of boots.
A quokka and 2 goblins come into view.
Found a ring mail.
The goblin shouts! x2; You hear an angry hiss.
The endoplasm hits you.
You tentacle-slap the endoplasm.
You kill the endoplasm!
A ball python comes into view.
You see here a +2 pair of boots.
You swing at nothing.
You swing at nothing.
You barely miss the quokka.
The ball python hisses angrily.
Your grab misses the quokka. Your squeeze misses the quokka.
The quokka bites you.
You tentacle-slap the quokka. Your grab misses the quokka.
Your squeeze misses the quokka.
The quokka is moderately wounded.
The quokka barely misses you.
You tentacle-slap the quokka.
You kill the quokka!
You barely miss the goblin. Your grab misses the goblin.
The goblin hits you with a +0 dagger.
You closely miss the goblin. You grab the goblin. You squeeze the goblin.
You kill the goblin!
You have reached level 2!
You tentacle-slap the ball python. You grab the ball python.
Your squeeze misses the ball python.
The ball python is moderately wounded.
You constrict the ball python.
You kill the ball python!
You tentacle-slap the goblin but do no damage.
Your grab misses the goblin. The goblin barely misses you.
You tentacle-slap the goblin.
You kill the goblin!
Things that are here:
a +0 dagger; a +0 dagger; a quokka corpse
Okay, then.
You see here a +2 pair of boots.
You now have 1 gold piece.
Things that are here:
a +0 dagger; a goblin corpse You see here a +0 dagger.
You now have 14 gold pieces (gained 13).
Found a spear.
a - an inky potion You now have 21 gold pieces (gained 7).
You now have 36 gold pieces (gained 15).
A rat comes into view.
The rat bites you.
You barely miss the rat. You grab the rat. You constrict the rat.
The rat bites you.
You tentacle-slap the rat.
You kill the rat!
No target in view!
b - a scroll labelled AKHIGU QUTZEMP An endoplasm comes into view.
You see here 15 gold pieces.
An endoplasm is nearby!
An endoplasm is nearby!
A hobgoblin comes into view.
The endoplasm quivers.
You bludgeon the endoplasm!
You kill the endoplasm!
Found 7 gold pieces.
The hobgoblin shouts!
You tentacle-slap the hobgoblin. Your grab misses the hobgoblin.
Your squeeze misses the hobgoblin.
The hobgoblin is severely wounded.
The hobgoblin hits you.
You barely miss the hobgoblin. Your grab misses the hobgoblin.
The hobgoblin is severely wounded.
The hobgoblin completely misses you.
You closely miss the hobgoblin. Your grab misses the hobgoblin.
Your squeeze misses the hobgoblin.
The hobgoblin is severely wounded.
The hobgoblin hits you.
You are too injured to fight recklessly!
You are too injured to fight recklessly!
You tentacle-slap the hobgoblin. Your grab misses the hobgoblin.
The hobgoblin is almost dead.
The hobgoblin misses you.
You tentacle-slap the hobgoblin but do no damage.
You grab the hobgoblin. Your squeeze misses the hobgoblin.
The hobgoblin is almost dead.
You constrict the hobgoblin.
You kill the hobgoblin!
You now have 51 gold pieces (gained 15).
You now have 58 gold pieces (gained 7).
You now have 63 gold pieces (gained 5).
Found a faded altar of an unknown god.
c - a scroll labelled ZINIZO QAFOSU
Found 5 stones.
Search for what [? for help]? alt
There is a faded altar of an unknown god here.
This altar belongs to (a) Gozag, (b) Dithmenos or (c) Okawaru, but you can't tell which.
Press the corresponding letter to learn more about a god, or press enter to convert or escape to cancel.
Okay, then.
Unknown command.
Press < or > to pray at altars.
Unknown command.
Press < or > to pray at altars.
Unknown command.
Press < or > to pray at altars.
A hobgoblin comes into view.
Found a book of Burglary.
Found a stone staircase leading down.
A hobgoblin is nearby!
A hobgoblin is nearby!
The hobgoblin shouts!
The hobgoblin closely misses you.
You tentacle-slap the hobgoblin but do no damage.
You grab the hobgoblin. Your squeeze misses the hobgoblin.
You constrict the hobgoblin. The hobgoblin hits you.
You barely miss the hobgoblin.
The hobgoblin is lightly wounded.
You constrict the hobgoblin. The hobgoblin hits you.
You tentacle-slap the hobgoblin.
You kill the hobgoblin!
No target in view!
No target in view!
No target in view!
You pick up a book of Burglary and begin reading...
You add the spells Passwall, Ensorcelled Hibernation and Swiftness to your library.
A rat comes into view.
A rat is nearby!
A rat is nearby!
The helpless rat fails to defend itself.
You tentacle-slap the rat. Your grab misses the rat.
The rat is severely wounded.
The rat closely misses you.
You barely miss the rat. You grab the rat. Your squeeze misses the rat.
The rat is severely wounded.
You constrict the rat.
You kill the rat!
You see here a rat corpse.
A goblin comes into view. It is wielding a +0 club.
A goblin is nearby!
A goblin is nearby!
Found a scroll labelled NEZXISHR TORAM.
You barely miss the goblin. You grab the goblin. You constrict the goblin.
The goblin closely misses you.
You tentacle-slap the goblin. You squeeze the goblin.
You kill the goblin!
No target in view!
d - a scroll labelled NEZXISHR TORAM
Things that are here:
a +0 club; a goblin corpse A bat comes into view.
Found a stone staircase leading down.
A bat is nearby!
The bat hits you.
You closely miss the bat. Your grab misses the bat.
Your squeeze misses the bat. The bat barely misses you. The bat hits you.
You miss the bat. Your grab misses the bat. Your squeeze misses the bat.
The bat hits you. x2
You closely miss the bat. You grab the bat. You constrict the bat.
The bat hits you. The bat barely misses you.
You completely miss the bat. Your squeeze misses the bat.
The bat is moderately wounded.
You constrict the bat. The bat closely misses you.
The bat escapes!
The bat closely misses you. The bat barely misses you.
You tentacle-slap the bat but do no damage.
Your grab misses the bat. Your squeeze misses the bat.
The bat is heavily wounded.
The bat closely misses you. The bat misses you. The bat hits you.
You tentacle-slap the bat.
You kill the bat!
No target in view!
Okay, then.
Found a stone staircase leading down.
You now have 67 gold pieces (gained 4).
You now have 75 gold pieces (gained 8).
A ball python comes into view.
A ball python is nearby!
The helpless ball python fails to defend itself.
You bludgeon the ball python!
You kill the ball python!
No target in view!
A rat comes into view.
Found a leather armour.
A rat is nearby!
A rat is nearby!
The rat closely misses you.
You see here a +0 leather armour.
You tentacle-slap the rat.
You kill the rat!
No target in view!
e - a scroll labelled WALOMY QOOSU Done exploring.
Done exploring.
No target in view!
Done exploring.
(D) Dungeon
Where to? (Enter - D:1 @ (x,y), ? - help)
There is a stone staircase leading down here.
You climb downwards.
Found 5 poisoned darts.
Found a stone staircase leading up.
There is a stone staircase leading up here.
Unknown command.
You now have 83 gold pieces (gained 8).
A quokka comes into view.
A quokka is nearby!
A quokka is nearby!
The helpless quokka fails to defend itself.
You tentacle-slap the quokka. You grab the quokka.
The quokka is moderately wounded.
You constrict the quokka. The quokka closely misses you.
You tentacle-slap the quokka.
You kill the quokka!
Your Unarmed Combat skill increases to level 4!
No target in view!
You now have 91 gold pieces (gained 8).
A kobold and a frilled lizard come into view.
There are monsters nearby!
There are monsters nearby!
f - 5 poisoned darts
There is a stone staircase leading up here.
You now have 100 gold pieces (gained 9).
Found a robe.
Found a stone staircase leading down.
g - a fuming clear potion An orc comes into view.
It is wielding a +0 club.
An orc is nearby!
An orc is nearby! 3 orcs come into view.
The orc shouts! x2; You hear a shout!
You hear an angry hiss.
You hear a shout!
The orc shouts!
The orc misses you.
You hear an angry hiss.
You tentacle-slap the orc. You grab the orc. You squeeze the orc.
You kill the orc!
You tentacle-slap the orc but do no damage.
You grab the orc.
You constrict the orc, but do no damage.
The orc barely misses you.
You tentacle-slap the orc.
The orc is almost dead.
You constrict the orc.
You kill the orc!
You have reached level 3!
Your experience leads to an increase in your attributes!
Increase (S)trength, (I)ntelligence, or (D)exterity?
You feel agile. x2
You tentacle-slap the orc. Your grab misses the orc.
The orc is moderately wounded.
The orc barely misses you.
You bludgeon the orc!
You kill the orc!
You miss the frilled lizard. You grab the frilled lizard.
You tentacle-slap the frilled lizard.
You kill the frilled lizard!
You tentacle-slap the orc. You grab the orc.
The orc is lightly wounded.
You constrict the orc, but do no damage.
The orc barely misses you.
You tentacle-slap the orc. You squeeze the orc.
You kill the orc!
No target in view!
Items here: ))) [[[ ††.
You see here a +0 club.
A bat comes into view.
A bat is nearby!
A bat is nearby!
Sigmund the Dreaded comes into view.
He is wielding a +0 scythe.
Sigmund gestures wildly while chanting.
Sigmund flickers and vanishes!
Deactivating autopickup; reactivate with Ctrl-A.
Okay, then.
Okay, then.
As you read the scroll labelled AKHIGU QUTZEMP, it crumbles to dust.
You hear a loud clanging noise!
It was a scroll of noise.
You hear a shout! x2
The bat completely misses you. Something hits you.
As you read the scroll labelled ZINIZO QAFOSU, it crumbles to dust.
It is a scroll of amnesia.
Really abort (and waste the scroll)? [Y]es or [N]o only, please.
Really abort (and waste the scroll)? [Y]es or [N]o only, please.
Really abort (and waste the scroll)?
Okay, then.
As you read the scroll labelled NEZXISHR TORAM, it crumbles to dust.
It is a scroll of identify.
e - a scroll of enchant armour The bat hits you. x2; Something hits you.
Okay, then.
It was a potion of attraction.
You feel attractive to monsters.
You hear some strange, mumbled words.
Something tries to affect you, but you resist.
It was a potion of lignification.
You turn into a tree.
Your roots penetrate the ground.
The bat hits you but does no damage. The bat barely misses you.
Something hits you but does no damage.
You barely miss something. The bat hits you but does no damage. x2
You barely miss something. The bat hits you but does no damage.
You hear some strange, mumbled words.
You are confused.
You attack the rock wall.
The bat hits you but does no damage. Something hits you!
* * * LOW HITPOINT WARNING * * *
You miss the bat.
The bat hits you but does no damage. x2; Something hits you.
* * * LOW HITPOINT WARNING * * *
You swing at nothing.
The bat hits you but does no damage.
You closely miss something. The bat hits you but does no damage.
Something hits you!
* * * LOW HITPOINT WARNING * * *
You attack the rock wall.
The bat hits you but does no damage. The bat is attracted toward you.
You attack the rock wall.
The bat hits you but does no damage. Something hits you but does no damage.
The bat is attracted toward you.
You smack something!
Your punch misses something.
You feel less confused. The bat hits you but does no damage.
Something hits you.
* * * LOW HITPOINT WARNING * * *
The bat is attracted toward you.
You completely miss something. The bat hits you but does no damage.
The bat hits you.
* * * LOW HITPOINT WARNING * * *
You smack something!
The bat hits you but does no damage. Something hits you but does no damage.
You smack something!
Reactivating autopickup.
You feel a bit more experienced. The bat hits you but does no damage.
The bat is attracted toward you.
Your Unarmed Combat skill gained 2 levels and is now at level 6!
You have reached level 4!
You have reached level 5!
You feel stronger.
You closely miss the bat. The bat hits you but does no damage. x2
You barely miss the bat. The bat hits you but does no damage. x2
You hit the bat.
The bat is moderately wounded.
The bat hits you but does no damage. x2
You smack the bat!
You kill the bat!
A gnoll comes into view. It is wielding a +0 club.
The gnoll is attracted toward you.
You swing at nothing.
The gnoll is attracted toward you.
You hit the gnoll.
The gnoll is moderately wounded.
The gnoll hits you but does no damage.
You smack the gnoll!
You kill the gnoll!
You swing at nothing.
You swing at nothing.
You swing at nothing.
You swing at nothing.
You start resting.
You feel less attractive to monsters.
You start resting.
Your transformation is almost over.
You feel less wooden.
Found a stone staircase leading down.
Things that are here:
a +0 scythe; a +0 robe; a bat corpse You start resting.
HP restored.
Found an escape hatch in the ceiling.
a - 2 orange potions
b - a scroll of identify
c - a golden potion
d - a scroll labelled JOATUTT LUAKLY An endoplasm comes into view.
The endoplasm quivers.
An endoplasm is nearby!
An endoplasm is nearby!
The endoplasm barely misses you.
You barely miss the endoplasm. The endoplasm completely misses you.
You barely miss the endoplasm. The endoplasm barely misses you.
You tentacle-slap the endoplasm.
The endoplasm is heavily wounded.
The endoplasm closely misses you.
You barely miss the endoplasm. You squeeze the endoplasm.
The endoplasm is almost dead.
The endoplasm freezes you.
You are frozen.
You barely miss the endoplasm.
The endoplasm is almost dead.
The endoplasm closely misses you.
You tentacle-slap the endoplasm.
You kill the endoplasm!
No target in view!
There is an escape hatch in the ceiling here.
There is a stone staircase leading down here.
Things that are here:
a +0 scythe; a +0 robe; a bat skeleton
Things that are here:
a +0 club; a gnoll skeleton A gnoll comes into view.
It is wielding a +0 spear.
A gnoll is nearby!
A gnoll is nearby!
The gnoll shouts!
You hear a shout!
The gnoll barely misses you.
A worm comes into view.
You bludgeon the gnoll! Your grab misses the gnoll.
The gnoll is severely wounded.
The gnoll barely misses you.
You bludgeon the gnoll!
You kill the gnoll!
A gnoll comes into view. It is wielding a +0 spear.
The gnoll misses you.
You barely miss the gnoll. Your grab misses the gnoll. You squeeze the gnoll!
The gnoll is almost dead.
An endoplasm comes into view.
The gnoll hits you with a +0 spear.
The endoplasm quivers.
You tentacle-slap the gnoll but do no damage.
Your grab misses the gnoll.
The gnoll is almost dead.
The gnoll closely misses you.
You tentacle-slap the gnoll.
You kill the gnoll!
You have reached level 6!
You bludgeon the worm! You grab the worm.
You squeeze the worm, but do no damage.
The worm is heavily wounded.
You constrict the worm.
You tentacle-slap the worm. x2; Your squeeze misses the worm.
The worm is severely wounded.
You constrict the worm. The worm misses you.
You tentacle-slap the worm.
You kill the worm!
The endoplasm hits you.
You barely miss the endoplasm. You barely miss the endoplasm.
The endoplasm hits you.
You barely miss the endoplasm. You squeeze the endoplasm.
The endoplasm is lightly wounded.
The endoplasm freezes you.
You are frozen.
You tentacle-slap the endoplasm.
The endoplasm is severely wounded.
The endoplasm closely misses you.
You tentacle-slap the endoplasm.
You kill the endoplasm!
No target in view!
You now have 115 gold pieces (gained 15).
You see here a +0 spear.
You see here a +0 spear.
A hobgoblin comes into view.
A hobgoblin is nearby!
A hobgoblin is nearby!
A hobgoblin is nearby!
You closely miss the hobgoblin. You grab the hobgoblin.
You squeeze the hobgoblin.
You kill the hobgoblin!
No target in view!
No target in view!
You see here a hobgoblin corpse.
g - a wand of flame (18)
You see here a +0 spear.
A kobold comes into view. It is wielding a +0 club.
The kobold moves out of view.
The kobold shouts!
The kobold throws a stone.
The stone barely misses you. The kobold hits you but does no damage.
You completely miss the kobold. Your grab misses the kobold.
Your squeeze misses the kobold. The kobold barely misses you.
You closely miss the kobold. You grab the kobold. You constrict the kobold.
You tentacle-slap the kobold.
You kill the kobold!
You bludgeon the kobold!
You kill the kobold!
No target in view!
You now have 126 gold pieces (gained 11).
Things that are here:
a +0 dagger; 4 stones; a +0 club
Found an escape hatch in the ceiling.
Found Jaureu Ecsoj's Antique Weapon Boutique.
A kobold comes into view. It is wielding a +2 dagger of draining.
The kobold shouts!
The kobold moves out of view.
No target in view!
No target in view!
A kobold is nearby!
A kobold is nearby!
The kobold throws a stone.
The stone barely misses you.
There is an escape hatch in the ceiling here.
You tentacle-slap the kobold. Your grab misses the kobold.
The kobold is severely wounded.
The kobold hits you with a +2 dagger of draining.
You feel drained.
You bludgeon the kobold!
You kill the kobold!
No target in view!
Found an escape hatch in the floor.
There is an entrance to Jaureu Ecsoj's Antique Weapon Boutique here.
Things that are here:
a +2 dagger of draining; 4 stones; a kobold corpse
Found a stone staircase leading down.
Found a stone staircase leading up.
There is a stone staircase leading up here.
There is a stone staircase leading up here.
You see here a +0 robe.
Done exploring.
No target in view!
Done exploring.
Done exploring.
Done exploring.
(D) Dungeon
Where to? (Enter - D:2 @ (x,y), ? - help)
There is a stone staircase leading down here.
You climb downwards.
There is a stone staircase leading up here.
Unknown command.
A kobold comes into view. It is wielding a +0 club.
A kobold is nearby!
A kobold is nearby!
The kobold hits you but does no damage.
You barely miss the kobold. You grab the kobold. You constrict the kobold.
You bludgeon the kobold!
You kill the kobold!
No target in view!
No target in view!
No target in view!
No target in view!
Things that are here:
a +0 club; 5 stones; a kobold corpse A bat comes into view.
A bat is nearby!
A bat is nearby!
The bat barely misses you. x2; The bat hits you.
You bludgeon the bat!
You kill the bat!
HP restored.
Found a chain mail.
A kobold comes into view. It is wielding a +0 short sword.
A kobold is nearby!
The kobold shouts!
The kobold throws a stone.
The stone hits you.
You tentacle-slap the kobold.
You kill the kobold!
No target in view!
Things that are here:
a +0 short sword; 5 stones As you open the door, it creaks loudly!
A rat comes into view.
You hear an angry hiss. x2
Found a potion of lignification.
A rat is nearby!
A rat is nearby!
There is an open door here.
You closely miss the rat. Your grab misses the rat. The rat bites you.
You tentacle-slap the rat but do no damage.
You grab the rat. You constrict the rat.
You kill the rat!
No target in view!
No target in view!
You open the door.
Found an escape hatch in the ceiling.
A frilled lizard comes into view.
The frilled lizard hisses angrily.
The frilled lizard hisses.
You see here a rat corpse.
The frilled lizard bites you.
You see here a potion of lignification.
You tentacle-slap the frilled lizard.
You kill the frilled lizard!
No target in view!
h - a potion of lignification You see here a rat corpse.
Found a dagger.
f - 10 poisoned darts (gained 5)
A hobgoblin comes into view.
A hobgoblin is nearby!
You see here 13 gold pieces.
Found a cloak.
The hobgoblin hits you.
You bludgeon the hobgoblin!
You kill the hobgoblin!
No target in view!
You now have 139 gold pieces (gained 13).
As you open the door, it creaks loudly!
You hear an angry hiss.
A frilled lizard and an adder come into view.
There is an open door here.
There are monsters nearby!
You closely miss the adder. Your grab misses the adder.
You tentacle-slap the adder.
The adder is heavily wounded.
The adder completely misses you. The adder bites you.
You are poisoned.
The adder poisons you!
You tentacle-slap the adder. Your grab misses the adder. You squeeze the adder.
You kill the adder!
You feel sick.
Your life force feels restored.
You tentacle-slap the frilled lizard.
You kill the frilled lizard!
You feel sick.
No target in view!
No target in view!
You feel sick.
You feel sick.
You feel sick.
You feel sick.
You are no longer poisoned.
You see here an adder corpse.
A ball python comes into view.
A ball python is nearby!
A ball python is nearby!
The helpless ball python fails to defend itself.
You bludgeon the ball python!
You kill the ball python!
No target in view!
No target in view!
No target in view!
No target in view!
A giant cockroach and a frilled lizard come into view.
There are monsters nearby!
There are monsters nearby!
Found a scroll labelled SIUPOI YWKOVA.
Terence the Incautious comes into view.
He is wielding a +0 flail.
Terence shouts!
You closely miss the frilled lizard. You grab the frilled lizard.
You constrict the frilled lizard. The frilled lizard barely misses you.
Terence screams, "I'm going to kill you!"
You tentacle-slap the frilled lizard.
You kill the frilled lizard!
Terence hits you with a +0 flail!
You bludgeon Terence! Your grab misses Terence. Your squeeze misses Terence.
Terence is heavily wounded.
Terence barely misses you.
You tentacle-slap Terence but do no damage.
You grab Terence.
You tentacle-slap Terence, but do no damage.
You squeeze Terence, but do no damage.
Terence is heavily wounded.
You constrict Terence, but do no damage.
Terence hits you with a +0 flail!
* * * LOW HITPOINT WARNING * * *
You are too injured to fight recklessly!
You are too injured to fight recklessly!
You tentacle-slap Terence.
Terence is heavily wounded.
You constrict Terence. Terence hits you with a +0 flail!
* * * LOW HITPOINT WARNING * * *
You tentacle-slap Terence but do no damage.
Terence is severely wounded.
You constrict Terence.
You tentacle-slap Terence but do no damage.
You squeeze Terence, but do no damage.
Terence is severely wounded.
You constrict Terence, but do no damage.
Terence screams, "I want your blood!" Terence barely misses you.
You tentacle-slap Terence.
Terence is almost dead.
You constrict Terence, but do no damage.
Terence shouts, "Now you die!" Terence closely misses you.
You tentacle-slap Terence but do no damage.
You squeeze Terence.
You kill Terence!
You tentacle-slap the giant cockroach.
You kill the giant cockroach!
Things that are here:
a +0 flail; a +0 chain mail; the human corpse of Terence You now have 146 gold pieces (gained 7).
i - a scroll labelled SIUPOI YWKOVA
Found a stone staircase leading down.
j - 4 atropa-tipped darts You now have 157 gold pieces (gained 11).
A kobold comes into view.
It is wielding a +0 short sword and quivering poisoned darts.
A kobold is nearby!
A kobold is nearby!
The kobold shouts!
The kobold misses you.
You bludgeon the kobold!
You kill the kobold!
No target in view!
No target in view!
f - 18 poisoned darts (gained 8)
You see here a +0 short sword.
Found a stone staircase leading up.
Found a stone staircase leading up.
You open the large door.
Found a burning altar of Makhleb.
Found an escape hatch in the floor.
There is a large open door here.
A dart slug comes into view.
A dart slug is nearby!
A dart slug is nearby!
Found a scroll labelled KUTUICRUAZ.
Found a runed mace.
The helpless dart slug fails to defend itself.
You bludgeon the dart slug! You grab the dart slug.
The dart slug is severely wounded.
You constrict the dart slug.
You kill the dart slug!
No target in view!
No target in view!
k - a scroll labelled KUTUICRUAZ You see here a dart slug corpse.
Found Xaturum's Antique Armour Emporium.
You see here a +2 vorpal mace.
There is an entrance to Xaturum's Antique Armour Emporium here.
You open the door.
There is an open door here.
You open the door.
There is an entrance to Xaturum's Antique Armour Emporium here.
l - a scroll labelled LENOLE JAISUTO You now have 172 gold pieces (gained 15).
Found a stone staircase leading down.
A worm comes into view.
You aren't carrying any pieces of jewellery.
As you read the scroll of identify, it crumbles to dust.
d - a scroll of fear You bludgeon the worm!
You grab the worm. You squeeze the worm.
The worm is heavily wounded.
You constrict the worm. The worm barely misses you.
You tentacle-slap the worm.
The worm is severely wounded.
You constrict the worm. You bludgeon the worm!
You kill the worm!
No target in view!
No target in view!
No target in view!
A rat comes into view.
A rat is nearby!
A rat is nearby!
A rat is nearby!
You completely miss the rat. You grab the rat. You constrict the rat.
The rat closely misses you.
You tentacle-slap the rat but do no damage.
You squeeze the rat, but do no damage.
The rat is heavily wounded.
You constrict the rat.
You kill the rat!
Found an escape hatch in the floor.
You see here a rat corpse.
b - a scroll of amnesia You open the door.
There is an open door here.
There is an open door here.
A rat comes into view.
You tentacle-slap the rat.
You kill the rat!
No target in view!
No target in view!
No target in view!
You see here a rat corpse.
There is an open door here.
There is an open door here.
There is an escape hatch in the ceiling here.
You see here a +0 cloak.
You see here a +0 short sword.
A jackal comes into view.
A jackal is nearby!
A jackal is nearby!
A jackal is nearby!
A rat comes into view.
A jackal comes into view.
A jackal and a quokka come into view.
Found a stone staircase leading down.
An endoplasm and a worm come into view.
The jackal barks!
You catch the helpless endoplasm completely off-guard!
You tentacle-slap the endoplasm.
You kill the endoplasm!
The quokka twitches its whiskers.
The rat completely misses you. The jackal misses you. The rat bites you.
The jackal barely misses you.
You closely miss the quokka. You grab the quokka. You constrict the quokka.
The quokka closely misses you.
You barely miss the quokka.
The quokka is lightly wounded.
You constrict the quokka, but do no damage.
The quokka misses you.
You bludgeon the quokka!
You kill the quokka!
You barely miss the rat.
The jackal barks!
Your grab misses the rat. The rat barely misses you.
You closely miss the rat. You grab the rat. You constrict the rat.
The rat bites you.
You bludgeon the rat!
You kill the rat!
You tentacle-slap the jackal but do no damage.
Your grab misses the jackal. The jackal barely misses you.
You completely miss the jackal. You grab the jackal. You squeeze the jackal.
The jackal is moderately wounded.
You constrict the jackal. The jackal bites you.
You bludgeon the jackal!
You kill the jackal!
The jackal bites you.
You tentacle-slap the jackal. You grab the jackal.
The jackal is moderately wounded.
You constrict the jackal. The jackal bites you.
You bludgeon the jackal!
You kill the jackal!
You tentacle-slap the jackal. You grab the jackal.
The jackal is heavily wounded.
You constrict the jackal. The jackal bites you.
You tentacle-slap the jackal.
You kill the jackal!
The worm bites you.
Things that are here:
a jackal corpse; a jackal corpse; a rat corpse You tentacle-slap the worm.
You grab the worm. You squeeze the worm.
The worm is heavily wounded.
You constrict the worm. The worm bites you!
You are too injured to fight recklessly!
You are too injured to fight recklessly!
You are too injured to fight recklessly!
You are too injured to fight recklessly!
You are too injured to fight recklessly!
You are too injured to fight recklessly!
You are too injured to fight recklessly!
You are too injured to fight recklessly!
You are too injured to fight recklessly!
You are too injured to fight recklessly!
You are too injured to fight recklessly!
You are too injured to fight recklessly!
You are too injured to fight recklessly!
You are too injured to fight recklessly!
You tentacle-slap the worm. x2
You kill the worm!
Your Unarmed Combat skill increases to level 7!
Things that are here:
a jackal corpse; a jackal corpse; a rat corpse You see here a +0 short sword.
A ball python comes into view.
The ball python hisses angrily.
A ball python is nearby!
A ball python is nearby!
You tentacle-slap the ball python.
You kill the ball python!
No target in view!
No target in view!
No target in view!
No target in view!
No target in view!
There is an open door here.
Done exploring.
Done exploring.
Done exploring.
Done exploring.
(D) Dungeon
Where to? (Enter - D:3, ? - help)
There is a stone staircase leading down here.
You climb downwards.
Found 3 boomerangs and a green potion.
Found a stone staircase leading up.
There is a stone staircase leading up here.
Unknown command.
m - 3 boomerangs
Found a stone staircase leading up.
A hobgoblin comes into view.
A hobgoblin is nearby!
A goblin comes into view. It is wielding a +0 club.
The hobgoblin shouts!
The hobgoblin hits you.
You tentacle-slap the hobgoblin.
You kill the hobgoblin!
No target in view!
No target in view!
HP restored.
An orc priest comes into view. It is wielding a +0 club. x2
There are monsters nearby!
There are monsters nearby!
Found 5 gold pieces and a glowing short sword.
There is a stone staircase leading up here.
An orc and an adder come into view.
You see here a hobgoblin corpse.
You strike the helpless orc priest from behind!
You bludgeon the orc priest!
The orc shouts!
The adder hisses angrily.
Your grab misses the orc priest. You squeeze the orc priest.
The orc priest is almost dead.
The orc priest calls down the wrath of Beogh upon you.
Beogh smites you!
You tentacle-slap the orc priest.
You kill the orc priest!
There is a stone staircase leading up here.
You tentacle-slap the orc priest but do no damage.
You grab the orc priest. You constrict the orc priest.
The orc priest hits you with a +0 club.
You bludgeon the orc priest!
The orc priest is severely wounded.
You constrict the orc priest.
You kill the orc priest!
You completely miss the adder. Your grab misses the adder. The adder bites you.
The adder closely misses you.
You closely miss the adder. Your grab misses the adder. The adder bites you.
You barely miss the adder. Your grab misses the adder. You squeeze the adder.
The adder is lightly wounded.
The adder closely misses you. The orc barely misses you.
You tentacle-slap the adder. You grab the adder.
The adder is heavily wounded.
You constrict the adder. The adder misses you.
The orc hits you with a +0 flail.
* * * LOW HITPOINT WARNING * * *
You barely miss the adder. You squeeze the adder.
You kill the adder!
You completely miss the orc. Your grab misses the orc.
The orc closely misses you.
You barely miss the orc. Your grab misses the orc. The orc closely misses you.
You barely miss the orc. Your grab misses the orc. The orc barely misses you.
You tentacle-slap the orc. You grab the orc.
The orc is lightly wounded.
You constrict the orc. The orc barely misses you.
You bludgeon the orc!
You kill the orc!
The goblin shouts!
You see here 5 gold pieces.
A goblin is nearby!
A goblin is nearby!
The goblin hits you with a +0 club.
You tentacle-slap the goblin. Your grab misses the goblin.
The goblin is heavily wounded.
The goblin barely misses you.
You barely miss the goblin. Your grab misses the goblin.
The goblin is moderately wounded.
The goblin hits you with a +0 club.
You tentacle-slap the goblin.
You kill the goblin!
n - a green potion You now have 177 gold pieces (gained 5).
A ball python comes into view.
A ball python is nearby!
Found a basalt altar of Yredelemnul.
Found a sedimented sapphire potion.
You see here a +2 short sword of venom.
The helpless ball python fails to defend itself.
You tentacle-slap the ball python. Your grab misses the ball python.
You squeeze the ball python.
You kill the ball python!
No target in view!
o - a sedimented sapphire potion A phantom comes into view.
Found 4 poisoned darts.
A phantom is nearby!
A ball python comes into view.
You tentacle-slap the phantom.
The phantom is lightly damaged.
The phantom misses you.
You bludgeon the phantom!
The phantom is moderately damaged.
The phantom hits you!
The phantom blinks!
You blink.
A quokka comes into view.
You tentacle-slap the phantom.
The phantom is heavily damaged.
The phantom closely misses you.
You closely miss the phantom. You tentacle-slap the phantom.
You squeeze the phantom, but do no damage.
The phantom is heavily damaged.
The phantom hits you.
The phantom blinks!
You blink.
You tentacle-slap the phantom.
The phantom is severely damaged.
The ball python hisses angrily.
The phantom hits you.
The phantom blinks!
You blink.
You miss the phantom. Your squeeze misses the phantom.
The phantom is severely damaged.
The phantom hits you.
You are too injured to fight recklessly!
You are too injured to fight recklessly!
You are too injured to fight recklessly!
You tentacle-slap the phantom.
The phantom is almost destroyed.
The phantom hits you.
* * * LOW HITPOINT WARNING * * *
The phantom blinks!
You blink.
You miss the phantom. Your squeeze misses the phantom.
The phantom is almost destroyed.
You closely miss the phantom.
The phantom is almost destroyed.
The phantom closely misses you.
You closely miss the phantom.
The phantom is almost destroyed.
The phantom hits you.
* * * LOW HITPOINT WARNING * * *
The phantom blinks!
You blink.
The ball python completely misses you. The ball python barely misses you.
You tentacle-slap the phantom.
The phantom is almost destroyed.
The phantom hits you but does no damage.
The ball python barely misses you. The ball python grabs you.
The ball python constricts you.
* * * LOW HITPOINT WARNING * * *
You barely miss the phantom.
The phantom is almost destroyed.
The quokka barely misses you. The phantom hits you.
* * * LOW HITPOINT WARNING * * *
The ball python bites you.
* * * LOW HITPOINT WARNING * * *
The ball python constricts you.
* * * LOW HITPOINT WARNING * * *
You closely miss the phantom.
The phantom is almost destroyed.
The quokka bites you.
* * * LOW HITPOINT WARNING * * *
The ball python bites you.
* * * LOW HITPOINT WARNING * * *
The ball python constricts you.
You die...

.. ..... ########.....
###.##...#..S.r.# ##
##....#..........#. ..##
#.....#........... ...#
###...#....(....##.
......###.................
#.. #.......@S............
...##.......Wr............
..........................
............#############.
##.....†...# #.....##..#
##....##..##.
#####...##..#_..
#.....).#...##..


You could see a phantom, a quokka and a ball python.

Vanquished Creatures
  Sigmund (D:2)
  2 orc priests (D:4)
  Terence (D:3)
  3 gnolls (D:2)
  2 adders
  3 worms
  A dart slug (D:3)
  5 orcs
  4 bats
  5 endoplasms
  A giant cockroach (D:3)
  5 goblins
  5 hobgoblins
  3 jackals (D:3)
  6 kobolds
  3 quokkas
  5 ball pythons
  4 frilled lizards
  8 rats
67 creatures vanquished.

Notes
Turn   | Place    | Note
-------+----------+-------------------------------------------
     0 | D:1      | sleeves the Octopode Reaver began the quest for the Orb.
     0 | D:1      | Reached XP level 1. HP: 14/14 MP: 3/3
    59 | D:1      | Reached XP level 2. HP: 11/19 MP: 5/5
   244 | D:1      | Found a faded altar of an unknown god.
   675 | D:2      | Reached skill level 4 in Unarmed Combat
   803 | D:2      | Reached XP level 3. HP: 24/24 MP: 6/6
   835 | D:2      | Noticed Sigmund
   845 | D:2      | HP: 16/36 [something (7)]
   848 | D:2      | HP: 6/36 [something (9)]
   854 | D:2      | Killed Sigmund
   855 | D:2      | Reached skill level 6 in Unarmed Combat
   855 | D:2      | Reached XP level 4. HP: 5/29 MP: 7/7
   855 | D:2      | Reached XP level 5. HP: 6/34 MP: 8/8
  1166 | D:2      | Reached XP level 6. HP: 37/39 MP: 9/9
  1350 | D:2      | Found Jaureu Ecsoj's Antique Weapon Boutique.
  1697 | D:3      | Noticed Terence
  1707 | D:3      | HP: 17/39 [Terence/+0 flail (10)]
  1708 | D:3      | HP: 8/39 [Terence/+0 flail (10)]
  1712 | D:3      | Killed Terence
  1894 | D:3      | Found a burning altar of Makhleb.
  1926 | D:3      | Found Xaturum's Antique Armour Emporium.
  2277 | D:3      | Reached skill level 7 in Unarmed Combat
  2434 | D:4      | HP: 17/39 [orc/+0 flail (4)]
  2555 | D:4      | Found a basalt altar of Yredelemnul.
  2583 | D:4      | HP: 17/39 [phantom (4)]
  2589 | D:4      | HP: 14/39 [constriction (1)]
  2590 | D:4      | HP: 6/39 [constriction (1)]
  2591 | D:4      | HP: 1/39 [ball python (2)]
  2591 | D:4      | Constricted to death by a ball python

Illustrated notes

Levels and vault maps discovered:
D:1:      wheals_arrival_shading, layout_loops_ring, basic_ecumenical_altar,
          minmay_tripent
D:2:      layout_loops_cross, serial_shops, shop_statue, uniq_sigmund
D:3:      layout_basic, general_overflow_altar, serial_glass, glass_columns_b,
          glass_columns_b, feat_on_display, minmay_strange_pillars,
          feat_on_display, serial_shops, shop, grunt_ministairs_9,
          nrook_campfire, uniq_terence
D:4:      layout_cave_pools, nicolae_overflow_hidden_temple, led_xom_imps,
          mainiacjoe_overflow_concentric_impassable, st_stairs_13

Skill      XL: |  1  2  3  4  5  6 |
---------------+-------------------+-----
Unarmed Combat | 4 6 7 |  7.3
Fighting       | |  2.0
Dodging        | |  2.0
Spellcasting   | |  2.0
Conjurations   | |  3.0

Action                   |  1- 3 |  4- 6 || total
-------------------------+-------+-------++-------
Melee: Unarmed           |    56 |   111 ||   167
       Constrict         |    15 |    19 ||    34
       Tentacles         |     5 |    18 ||    23
       Punch             |     1 |     5 ||     6
  Use: Scroll            |     3 |     1 ||     4
       Potion            |     2 |       ||     2
 Stab: Sleeping          |     5 |     3 ||     8
       Distracted        |       |     2 ||     2
Armor: Skin              |    18 |    10 ||    28
Dodge: Dodged            |    25 |    47 ||    72

Table legend: (Time is in decaauts)
 A = Elapsed time spent in this place.
 B = Non-inter-level travel time spent in this place.
 C = Inter-level travel time spent in this place.
 D = Time resting spent in this place.
 E = Time spent auto-exploring this place.
 F = Levels seen in this place.
 G = Mean time per level.
                   A        B        C        D        E       F      G
               +--------+--------+--------+--------+--------+-----+--------+
         Total |   2572 |   2500 |     72 |    112 |   1970 |   4 |  643.0 |
       Dungeon |   2572 |   2500 |     72 |    112 |   1970 |   4 |  643.0 |
               +--------+--------+--------+--------+--------+-----+--------+

Top non-repeatable levels by time:
     D:3: 886 daAuts
     D:2: 862 daAuts
     D:1: 638 daAuts
     D:4: 185 daAuts
